 Dungeon Crawl Stone Soup version 0.32-a0-875-g23b751d0ae (webtiles) character file.

Game seed: 15032881421404950938

191393 AeshMezareph the Slayer (level 18, -4/185 HPs)
             Began as a Minotaur Fighter on Mar 27, 2024.
             Was the Champion of Okawaru.
             Killed from afar by a Hell Sentinel (77 damage)
             ... with an iron shot
             ... on level 5 of the Abyss on Mar 31, 2024.
             The game lasted 01:47:13 (30018 turns).

AeshMezareph the Slayer (Minotaur Fighter)         Turns: 30018, Time: 01:47:13

Health: -4/185     AC: 35    Str: 29    XL:     18   Next: 1%
Magic:  25/25      EV:  7    Int:  4    God:    Okawaru [******]
Gold:   1949       SH: 13    Dex: 12    Spells: 17/17 levels left

rFire   . . .        V - +11 broad axe of Mum Ihyn {vamp, rC+ rN+ rCorr Int+3}
rCold   + . .        L - +0 kite shield
rNeg    + . .        W - +11 plate armour of Quantum Leap {-Cast Regen+ Int-4 Dex+4}
rPois   .            (helmet restricted)
rElec   .            (no cloak)
rCorr   +            i - +0 pair of gloves
SInv    .            q - +0 pair of boots
Will    ++...        O - amulet of faith Stlth
                     C - +4 ring of protection
HPRegen 0.00/turn    K - ring of willpower
MPRegen 0.19/turn

%: no spellcasting, faith
@: sick, studying 2 skills
A: horns 2, retaliatory headbutt, [clumsy 1]
a: Renounce Religion, Heroism, Finesse, Duel


You were on level 5 of the Abyss.
You worshipped Okawaru.
Okawaru was exalted by your worship.
You visited 7 branches of the dungeon, and saw 30 of its levels.
You visited the Abyss 2 times.
You also visited: Ice Cave.

You collected 3069 gold pieces.
You spent 1120 gold pieces at shops.

Inventory:

Hand Weapons
 V - the +11 broad axe of Mum Ihyn (weapon) {vamp, rC+ rN+ rCorr Int+3}
   (Okawaru gifted it to you on level 2 of the Lair of Beasts)

   Int+3:     It affects your intelligence (+3).
   rC+:       It protects you from cold.
   rN+:       It protects you from negative energy.
   rCorr:     It protects you from acid and corrosion.
 Y - a +0 demon whip
Missiles
 a - 2 curare-tipped darts
 u - 11 silver javelins
 E - 3 throwing nets (quivered)
 G - 18 atropa-tipped darts
 H - 31 poisoned darts
 I - 2 datura-tipped darts
Armour
 i - a +0 pair of gloves (worn)
 q - a +0 pair of boots (worn)
 L - a +0 kite shield (worn)
 W - the +11 plate armour of Quantum Leap (worn) {-Cast Regen+ Int-4 Dex+4}
   (Okawaru gifted it to you on level 2 of the Lair of Beasts)

   Int-4:     It affects your intelligence (-4).
   Dex+4:     It affects your dexterity (+4).
   -Cast:     It prevents spellcasting.
   Regen+:    It increases your rate of health regeneration.
Jewellery
 c - a ring of see invisible
 v - a ring of resist corrosion
 x - a +6 ring of dexterity
 C - a +4 ring of protection (left hand)
 K - a ring of willpower (right hand)
 O - an amulet of faith (around neck)
Wands
 h - a wand of polymorph (7)
 B - a wand of iceblast (37)
 D - a wand of paralysis (19)
 F - a wand of flame (26)
 P - a wand of light (14)
 T - a wand of mindburst (7)
 Z - a wand of digging (18)
Scrolls
 b - a scroll of silence
 e - 2 scrolls of blinking
 f - 2 scrolls of fog
 j - 14 scrolls of teleportation
 n - 3 scrolls of poison
 t - 2 scrolls of enchant armour {unknown}
 y - 2 scrolls of noise {unknown}
 z - a scroll of identify
 A - 3 scrolls of brand weapon
 M - a scroll of torment {unknown}
 Q - a scroll of summoning {unknown}
 R - 4 scrolls of enchant weapon {unknown}
 U - 6 scrolls of fear
Potions
 d - 3 potions of might
 g - 8 potions of curing
 k - 6 potions of haste
 l - 4 potions of attraction
 m - 2 potions of mutation
 o - 8 potions of lignification
 p - a potion of ambrosia
 r - 2 potions of heal wounds
 s - 3 potions of brilliance
 w - 2 potions of magic
 J - 4 potions of berserk rage
 N - 3 potions of enlightenment
 S - 2 potions of cancellation
Miscellaneous
 X - a lightning rod (4/4)


   Skills:
 * Level 22.4 Fighting
 * Level 19.8 Axes
 + Level 11.7 Throwing
 + Level 15.8 Armour
 + Level 16.5 Shields
 + Level 11.6 Invocations


You had 17 spell levels left.
You didn't know any spells.
Your spell library contained the following spells:

 Spells                   Type           Power      Damage    Failure   Level
 Freeze                   Ice            0%         1d3       99%         1
 Magic Dart               Conj           0%         1d3       99%         1
 Sting                    Conj/Alch      0%         1d3       99%         1
 Blink                    Tloc           0%         N/A       99%         2
 Lesser Beckoning         Tloc           0%         N/A       99%         2
 Mercury Vapours          Alch/Air       0%         N/A       99%         2
 Momentum Strike          Conj/Tloc      0%         3d8       99%         2
 Searing Ray              Conj           0%         2d4       99%         2
 Frozen Ramparts          Ice            0%         1d1       100%        3
 Fugue of the Fallen      Necr           0%         N/A       100%        3
 Hailstorm                Conj/Ice       0%         3d5       100%        3
 Mephitic Cloud           Conj/Alch/Air  0%         N/A       100%        3
 Sigil of Binding         Hex            0%         N/A       100%        3
 Stone Arrow              Conj/Erth      0%         3d7       100%        3
 Teleport Other           Tloc           0%         N/A       100%        3
 Dimensional Bullseye     Hex/Tloc       0%         N/A       100%        4
 Fulminant Prism          Conj/Alch      0%         3d5       100%        4
 Leda's Liquefaction      Alch/Erth      0%         N/A       100%        4
 Olgreb's Toxic Radiance  Alch           0%         N/A       100%        4
 Passage of Golubria      Tloc           0%         N/A       100%        4
 Petrify                  Alch/Erth      0%         N/A       100%        4
 Borgnjor's Vile Clutch   Necr/Erth      0%         N/A       100%        5
 Freezing Cloud           Conj/Ice/Air   0%         6-21      100%        5
 Metabolic Englaciation   Hex/Ice        0%         N/A       100%        5
 Yara's Violent Unravell  Hex/Alch       0%         3d3       100%        5
 Gell's Gavotte           Tloc           0%         2d(11-16) 100%        6
 Lehudib's Crystal Spear  Conj/Erth      0%         10d2      100%        8
 Maxwell's Capacitive Co  Air            0%         ∞         100%        8
 Call Imp                 Summ           Unusable   N/A       N/A         2
 Call Canine Familiar     Summ           Unusable   N/A       N/A         3
 Tukima's Dance           Hex            Unusable   N/A       N/A         3

Dungeon Overview and Level Annotations

Branches:
Dungeon (15/15)            Temple (1/1) D:4            Lair (5/5) D:10
  Swamp (4/4) Lair:2        Snake (1/4) Lair:3        Slime (0/5) Lair:4
    Orc (2/2) D:10            Elf (0/3) Orc:2        Vaults (0/5) D:14
 Depths (2/4) D:15          IceCv (visited)

Altars:
Ashenzari
Cheibriados
Dithmenos
Elyvilon
Fedhas
Gozag
Hepliaklqana
Kikubaaqudgha
Makhleb
Nemelex Xobeh
Okawaru
Qazlal
Ru
Sif Muna
Trog
Uskayaw
Vehumet
Wu Jian
Xom
Yredelemnul
Zin
The Shining One
Beogh
Lugonu

Shops:
D:13 :   Orc:1 !   Orc:2 [!((

Portals:
Hell: Depths:1
Abyss: Lair:5

Annotations:
D:5 1 runed translucent door, grizmgrazm2's ghost, novice GnSh
D:8 4 transporters
D:10 exclusion: obsidian statue
D:12 1 runed translucent door, Satuseaff's ghost, journeyman SpAl
Swamp:4 Lernaean hydra


Innate Abilities, Weirdness & Mutations

You have a pair of horns on your head.
You reflexively headbutt those who attack you in melee.
[You are clumsy. (Dex -2)]


Message History

a +1 whip of holy wrath; a +0 robe You chop the large abomination into pieces!!!
You headbutt the large abomination.
You destroy the large abomination!
Okawaru accepts your kill.
A starcursed mass splits.
A chorus of shrieks assaults your mind.
A starcursed mass splits.
A chorus of shrieks assaults your mind. The Hell Sentinel gestures at you.
The sphere of damnation explodes!
The damnation engulfs you!!!
You hear a bark! x2
Unknown command.
A starcursed mass splits.
The Hell Sentinel gestures at you.
The sphere of damnation explodes!
The damnation engulfs you!!
The damnation engulfs the Hell Sentinel.
The Hell Sentinel completely resists.
Unknown command.
You slice the Hell Sentinel!!
The Hell Sentinel is lightly wounded.
Unknown command.
You slice the Hell Sentinel!!
You headbutt the Hell Sentinel, but do no damage.
The Hell Sentinel is moderately wounded.
The Hell Sentinel hits you but does no damage. x2
A chorus of shrieks assaults your mind.
You hit the Hell Sentinel but do no damage.
The Hell Sentinel is moderately wounded.
The Hell Sentinel hits you but does no damage.
You block the Hell Sentinel's attack.
A starcursed mass splits.
Unknown command.
You slice the Hell Sentinel!!
You headbutt the Hell Sentinel, but do no damage.
The Hell Sentinel is heavily wounded.
Unknown command.
You slice the Hell Sentinel!! You headbutt the Hell Sentinel.
The Hell Sentinel is severely wounded.
The Hell Sentinel gestures at you. The iron shot hits you!!!!
You die...

## # ..##≈≈ . #..
#≈ # . #... # ..##
## ## .. #.#.
'''###.# #. ..
#....† .....###.#
.#
##....#.#......#.#
#
....#.#..#..1.#...
. #.#.#..##@#..#
.#. ...#.∩.....#
#...# #.X.X#..##.#
. .#
...#.#..##....#
#.. #
#.X####...#.. ..#
#.##X... ####.. .
.. #X##.# ..# . .
.# ## #.# . #X ..


You could see 5 starcursed masses and a Hell Sentinel.

Vanquished Creatures
  A bone dragon (Abyss:5)
  Rupert (Orc:2)
  A tentacled monstrosity (Swamp:4)
  2 liches
  A quicksilver dragon (Abyss:3)
  2 tentacled starspawn (Abyss:5)
  A fire giant (Depths:1)
  A fenstrider witch (Swamp:4)
  A frost giant (IceCv)
  An orc warlord (Orc:1)
  7 very ugly things (Depths:1)
  An angel (Abyss:5)
  2 stone giants (Depths:1)
  A red draconian (Abyss:5)
  A white draconian (Abyss:5)
  6 bunyips
  3 blizzard demons
  An ettin (Orc:2)
  An entropy weaver (shapeshifter) (D:14)
  A great orb of eyes (D:15)
  8 vault guards (D:14)
  Fannar (Orc:2)
  Erolcha (D:11)
  13 hydras
  6 ogre magi
  A juggernaut simulacrum (Depths:1)
  2 ghost crabs (Swamp:2)
  2 anacondas (Snake:1)
  5 boulder beetles
  13 alligators
  6 centaur warriors
  9 death yaks (IceCv)
  23 two-headed ogres
  An orc high priest (D:10)
  2 death knights
  2 tengu warriors
  4 thrashing horrors (Lair:5)
  A hell knight (Abyss:3)
  An occultist (Depths:1)
  2 deep troll earth magi (Depths:1)
  An iron troll (Depths:1)
  A sixfirhy (Abyss:5)
  2 skeletal warriors (D:15)
  Lodul (D:13)
  2 skysharks
  2 wretched stars
  6 spriggan druids
  4 large abominations
  4 goliath frogs
  6 bog bodies
  3 deep trolls
  4 swamp dragons
  A swamp dragon (shapeshifter) (D:15)
  A glowing orange brain (Depths:1)
  2 naga ritualists (Snake:1)
  A shadow dragon zombie (Depths:1)
  2 phantasmal warriors (D:15)
  2 orc knights
  Pikel (D:7)
  A necromancer (Depths:1)
  An obsidian bat (Orc:1)
  4 deep elf pyromancers
  An orc sorcerer (Orc:2)
  A fire giant zombie (Depths:1)
  2 salamanders
  4 cyclopes
  3 will-o-the-wisps
  3 manticores
  A guardian serpent (Abyss:3)
  14 ugly things
  A worldbinder (Abyss:3)
  An apocalypse crab (Abyss:5)
  14 elephants
  An ice statue (IceCv)
  2 naga magi (Snake:1)
  4 kobold blastminers (Orc:1)
  Maggie (D:9)
  6 black mambas
  A gargoyle (D:12)
  13 cane toads
  A cane toad (shapeshifter) (D:13)
  2 unseen horrors
  A kobold demonologist (D:11)
  An efreet (Arena)
  A freezing wraith (D:14)
  A hellion (Abyss:5)
  8 komodo dragons
  6 rime drakes
  An ice devil (Abyss:5)
  An ancient zyme (Abyss:5)
  2 tengu conjurers
  A wolf spider simulacrum (D:15)
  7 polar bears
  17 trolls
  Grinder (D:5)
  A hellwing (Abyss:3)
  2 raiju (Lair:5)
  17 hornets
  A spriggan zombie (Depths:1)
  24 blink frogs
  3 tyrant leeches
  12 slime creatures
  A shadow (D:12)
  21 spriggans
  3 vampires
  A centaur simulacrum (D:15)
  A wraith (D:13)
  5 water elementals
  9 small abominations
  2 ynoxinuls
  12 basilisks
  A fire elemental (Abyss:5)
  4 starcursed masses (Abyss:5)
  Grum (D:8)
  6 wargs
  5 wyverns
  18 vampire mosquitoes
  7 chaos spawn
  A steam dragon (D:9)
  54 yaks
  Menkaure (D:7)
  6 nagas (Snake:1)
  2 acid dragons
  17 swamp worms
  7 water moccasins
  15 orc warriors
  6 swamp drakes
  An ice beast (D:5)
  10 laughing skulls
  35 ogres
  2 black bears
  17 wolves
  3 centaurs
  4 phantoms (D:4)
  3 lemures (D:7)
  11 bullfrogs
  2 kobold brigands
  2 gnoll sergeants
  2 scorpions
  3 wights
  12 killer bees
  8 electric eels
  2 howler monkeys
  3 lava snakes (Lair:3)
  2 bombardier beetles (D:5)
  4 jellies
  A hound (shapeshifter) (D:13)
  10 orc priests
  6 hounds
  8 iguanas
  21 orc wizards
  4 hell rats (Lair:3)
  12 gnolls
  9 adders
  4 shadow imps
  A white imp (Abyss:3)
  2 ufetubi (D:6)
  4 dart slugs
  44 orcs
  4 bats
  3 endoplasms
  3 giant cockroaches
  3 goblins
  5 hobgoblins
  6 quokkas
  3 frilled lizards
  9 kobolds
  5 rats
  3 starspawn tentacles (Abyss:5)
877 creatures vanquished.

Vanquished Creatures (others)
  An unseen horror (D:13)
  14 foxfires
  A starspawn tentacle (Abyss:5)
16 creatures vanquished.

Grand Total: 893 creatures vanquished

Notes
Turn   | Place    | Note
-------+----------+-------------------------------------------
     0 | D:1      | AeshMezareph the Minotaur Fighter began the quest for the
                  | Orb.
     0 | D:1      | Reached XP level 1. HP: 19/19 MP: 0/0
    66 | D:1      | Reached XP level 2. HP: 23/27 MP: 1/1
   254 | D:1      | Found a faded altar of an unknown god.
   297 | D:1      | Reached skill level 4 in Fighting
   498 | D:2      | Reached XP level 3. HP: 33/33 MP: 2/2
   542 | D:2      | Reached XP level 4. HP: 25/40 MP: 3/3
  1151 | D:3      | Found an ornate altar of the Wu Jian Council.
  1632 | D:4      | Noticed a scorpion
  1632 | D:4      | Found a snail-covered altar of Cheibriados.
  1683 | D:4      | Noticed a phantom
  1688 | D:4      | Noticed a phantom
  1692 | D:4      | Killed a phantom
  1693 | D:4      | Reached XP level 5. HP: 26/47 MP: 4/4
  1701 | D:4      | Killed a phantom
  1702 | D:4      | Reached skill level 5 in Fighting
  1702 | D:4      | Reached skill level 5 in Armour
  1702 | D:4      | Reached skill level 5 in Shields
  1702 | D:4      | Reached XP level 6. HP: 16/56 MP: 5/5
  2225 | D:4      | Found a staircase to the Ecumenical Temple.
  2245 | D:4      | Reached skill level 5 in Axes
  2247 | Temple   | Entered the Ecumenical Temple
  2320 | Temple   | Became a worshipper of Warmaster Okawaru
  2339 | D:4      | Reached XP level 7. HP: 59/62 MP: 6/6
  2389 | D:4      | Found a sparkling altar of Nemelex Xobeh.
  2537 | D:4      | Reached skill level 6 in Fighting
  2721 | D:5      | Entered Level 5 of the Dungeon
  2723 | D:5      | Reached skill level 1 in Invocations
  2864 | D:5      | Found a runed translucent door.
  3293 | D:5      | Noticed Grinder
  3356 | D:6      | Reached * piety under Okawaru
  3389 | D:6      | Reached XP level 8. HP: 66/71 MP: 8/8
  3464 | D:6      | Found a burning altar of Makhleb.
  3504 | D:6      | Reached skill level 7 in Fighting
  3639 | D:6      | Found a basalt altar of Yredelemnul.
  4154 | D:7      | Noticed Menkaure
  4163 | D:7      | Killed Menkaure
  4447 | D:7      | Noticed Pikel
  4490 | D:7      | Killed Pikel
  4491 | D:7      | Reached skill level 1 in Throwing
  4572 | D:7      | Noticed a hornet
  4579 | D:7      | Killed a hornet
  4579 | D:7      | Reached ** piety under Okawaru
  4580 | D:7      | Reached skill level 8 in Fighting
  4580 | D:7      | Reached XP level 9. HP: 51/81 MP: 8/10
  5097 | D:7      | Noticed a troll
  5127 | D:7      | Killed a troll
  5206 | D:7      | Found an ancient bone altar of Kikubaaqudgha.
  5263 | D:7      | Reached skill level 9 in Fighting
  5666 | D:5      | Reached *** piety under Okawaru
  5682 | D:5      | Killed Grinder
  5903 | D:5      | Noticed grizmgrazm2's ghost (novice GnSh)
  5961 | D:8      | Noticed a two-headed ogre
  5967 | D:8      | Killed a two-headed ogre
  5968 | D:8      | Reached XP level 10. HP: 66/91 MP: 9/12
  6088 | D:8      | Found a stormy altar of Qazlal.
  6202 | D:8      | Found a glowing silver altar of Zin.
  6325 | D:8      | Found a transporter.
  6331 | D:8      | Found a transporter.
  6334 | D:8      | Found a transporter.
  6385 | D:8      | Found a transporter.
  6488 | D:8      | Found a bloodstained altar of Trog.
  6534 | D:8      | Noticed Grum
  6560 | D:8      | Reached **** piety under Okawaru
  6578 | D:8      | Killed Grum
  7235 | D:9      | Noticed Maggie
  7252 | D:9      | Killed Maggie
  7254 | D:9      | Reached skill level 10 in Fighting
  8159 | D:9      | Reached skill level 10 in Axes
  8250 | D:9      | Found a hazy altar of Hepliaklqana.
  8517 | D:10     | Entered Level 10 of the Dungeon
  8586 | D:10     | Noticed an obsidian statue
  8587 | D:10     | Noticed a rust devil
  8877 | D:10     | Noticed a cyclops
  8984 | D:10     | Killed a cyclops
  8985 | D:10     | Reached skill level 5 in Invocations
  9128 | D:10     | Found a staircase to the Lair.
  9194 | D:10     | Reached ***** piety under Okawaru
  9383 | D:10     | Found a staircase to the Orcish Mines.
  9400 | D:10     | Reached XP level 11. HP: 101/101 MP: 13/13
  9986 | D:11     | Received a gift from Okawaru
 10078 | Lair:1   | Entered Level 1 of the Lair of Beasts
 10089 | Lair:1   | Reached skill level 10 in Armour
 10117 | Lair:1   | Reached skill level 11 in Fighting
 10339 | Lair:1   | Reached skill level 5 in Throwing
 10902 | D:10     | Received a gift from Okawaru
 11526 | Lair:1   | Reached skill level 12 in Fighting
 12059 | Lair:2   | Received a gift from Okawaru
 12064 | Lair:2   | Reached XP level 12. HP: 110/112 MP: 15/15
 12827 | Lair:2   | You fall into a shaft and drop 1 floor!
 13148 | Lair:2   | Found a staircase to the Swamp.
 13160 | Lair:2   | Reached ****** piety under Okawaru
 13260 | Lair:2   | Acquired the +11 broad axe of Mum Ihyn {vamp, rC+ rN+ rCorr
                  | Int+3}
 13260 | Lair:2   | Received a gift from Okawaru
 13265 | Lair:2   | Acquired the +11 plate armour of Quantum Leap {-Cast Regen+
                  | Int-4 Dex+4}
 13265 | Lair:2   | Received a gift from Okawaru
 13310 | Lair:2   | Received a gift from Okawaru
 13311 | Lair:2   | Reached skill level 10 in Shields
 13361 | Lair:2   | Got Xepnin's Secrets of Grim Topomancy
 13659 | Lair:2   | Upgraded the game from 0.32-a0-842-gbbb8fdbe59 to
                  | 0.32-a0-870-g877066f4b4
 13681 | Lair:3   | Reached skill level 13 in Fighting
 14034 | Lair:3   | Received a gift from Okawaru
 14598 | Lair:3   | Found a staircase to the Snake Pit.
 14974 | Orc:1    | Entered Level 1 of the Orcish Mines
 15019 | Orc:1    | Noticed an orc high priest
 15092 | D:10     | Killed an orc high priest
 15093 | D:10     | Reached XP level 13. HP: 121/122 MP: 17/17
 15117 | Orc:1    | Received a gift from Okawaru
 15261 | Orc:1    | Noticed Fannar
 15266 | Orc:2    | Entered Level 2 of the Orcish Mines
 15270 | Orc:1    | Noticed an ettin
 15283 | Orc:2    | Killed an ettin
 15292 | Orc:2    | Killed Fannar
 15528 | Orc:2    | Paralysed by an ogre mage for 4 turns
 15540 | Orc:1    | Reached skill level 14 in Fighting
 15592 | Orc:2    | Noticed an orc warlord
 15672 | Orc:1    | Killed an orc warlord
 15672 | Orc:1    | Received a gift from Okawaru
 15721 | Orc:2    | Noticed Rupert
 15725 | Orc:2    | Paralysed by Rupert for 4 turns
 15753 | Orc:2    | Paralysed by Rupert for 5 turns
 15775 | Orc:2    | Killed Rupert
 15839 | Orc:1    | Upgraded the game from 0.32-a0-870-g877066f4b4 to
                  | 0.32-a0-875-g23b751d0ae
 15875 | Orc:1    | Received a gift from Okawaru
 16003 | Orc:2    | Paralysed by something for 5 turns
 16138 | Orc:2    | Reached skill level 15 in Fighting
 16389 | Orc:2    | Received a gift from Okawaru
 16390 | Orc:2    | Reached XP level 14. HP: 135/135 MP: 19/19
 16394 | Orc:2    | Found Qotsewor's Antique Armour Emporium.
 16407 | Orc:2    | Found Qaotopt's Distillery.
 16416 | Orc:2    | Found Siduo's Antique Weapon Boutique.
 16422 | Orc:2    | Found Foaluwu's Weapon Emporium.
 16439 | Orc:2    | Found a staircase to the Elven Halls.
 16468 | Orc:2    | Found a roughly hewn altar of Beogh.
 16902 | Orc:1    | Found Heroub's Distillery.
 17390 | Lair:4   | Found a staircase to the Slime Pits.
 17399 | Lair:4   | Reached skill level 15 in Axes
 18167 | Lair:5   | Entered Level 5 of the Lair of Beasts
 18187 | Lair:5   | Received a gift from Okawaru
 18195 | Lair:5   | Found a frozen archway.
 18204 | IceCv    | Entered an ice cave
 18462 | IceCv    | Received a gift from Okawaru
 18536 | IceCv    | Noticed a frost giant
 18553 | IceCv    | Killed a frost giant
 18556 | IceCv    | Reached skill level 16 in Fighting
 18867 | Lair:5   | Received a gift from Okawaru
 19237 | Lair:5   | Received a gift from Okawaru
 19932 | Lair:5   | Got the Grimoire of the Displaced Sixfirhy
 19993 | Lair:5   | Reached XP level 15. HP: 145/145 MP: 20/20
 20019 | Lair:5   | Found a corrupted altar of Lugonu.
 20019 | Lair:5   | Found a one-way gate to the infinite horrors of the Abyss.
 20292 | D:11     | Noticed Erolcha
 20300 | D:11     | Killed Erolcha
 20419 | D:11     | Received a gift from Okawaru
 21074 | D:12     | Found a runed translucent door.
 21074 | D:12     | Noticed Satuseaff's ghost (journeyman SpAl)
 21521 | D:12     | Received a gift from Okawaru
 22306 | D:13     | Noticed Lodul
 22323 | D:13     | Killed Lodul
 22618 | Arena    | Entered the Arena
 22648 | D:13     | Received a gift from Okawaru
 22670 | D:13     | Identified the ring "Gassul" {Ice rN+ Str+2 Dex-2}
 22817 | D:13     | Found Plog's Self-Improvement Boutique.
 22824 | D:13     | Reached skill level 17 in Fighting
 22836 | D:13     | Bought a manual of Fighting for 1120 gold pieces
 23150 | D:14     | Received a gift from Okawaru
 23602 | D:14     | Found a gate to the Vaults.
 23749 | D:14     | Found an ornate altar of the Wu Jian Council.
 23866 | D:14     | Received a gift from Okawaru
 23915 | D:15     | Entered Level 15 of the Dungeon
 23923 | D:15     | Reached skill level 10 in Throwing
 23924 | D:15     | Reached skill level 10 in Invocations
 23929 | D:15     | Reached skill level 18 in Fighting
 23993 | D:15     | Reached XP level 16. HP: 155/157 MP: 22/22
 24172 | D:15     | Received a gift from Okawaru
 24178 | D:15     | Found a staircase to the Depths.
 24546 | D:15     | Received a gift from Okawaru
 24766 | Swamp:1  | Entered Level 1 of the Swamp
 24879 | Swamp:1  | Reached skill level 19 in Fighting
 24982 | Snake:1  | Entered Level 1 of the Snake Pit
 25547 | Depths:1 | Entered Level 1 of the Depths
 25710 | Abyss:3  | Cast into level 3 of the Abyss (an occultist)
 25731 | Abyss:3  | Found a corrupted altar of Lugonu.
 25755 | Abyss:3  | Received a gift from Okawaru
 25883 | Abyss:3  | Found a corrupted altar of Lugonu.
 25909 | Abyss:3  | Noticed a quicksilver dragon
 25916 | Abyss:3  | Killed a quicksilver dragon
 25930 | Abyss:4  | Found a shimmering altar of Xom.
 25943 | Depths:1 | Escaped the Abyss
 25986 | Depths:1 | Noticed a lich
 25996 | Depths:1 | Killed a lich
 26038 | Depths:1 | Received a gift from Okawaru
 26279 | Depths:1 | Reached skill level 20 in Fighting
 26429 | Depths:1 | Found a shimmering blue altar of Sif Muna.
 26558 | Depths:1 | Received a gift from Okawaru
 26620 | Depths:1 | Found a gateway to Hell.
 26916 | Swamp:1  | Reached skill level 15 in Shields
 26932 | Swamp:1  | Identified the +6 flail of Tortfeasance {antimagic, rPois
                  | rN++}
 27158 | Swamp:1  | Reached skill level 15 in Armour
 27158 | Swamp:1  | Reached XP level 17. HP: 156/171 MP: 24/24
 27510 | Arena    | Entered the Arena
 27539 | Arena    | Entered the Arena
 27597 | Swamp:2  | Identified the +0 leather armour of Impatience {Dex+4
                  | Stlth+}
 27626 | Swamp:2  | Received a gift from Okawaru
 27647 | Swamp:2  | Reached skill level 21 in Fighting
 28235 | Swamp:3  | Received a gift from Okawaru
 28917 | Swamp:4  | Entered Level 4 of the Swamp
 28933 | Swamp:4  | Noticed a tentacled monstrosity
 28945 | Swamp:4  | Killed a tentacled monstrosity
 29032 | Swamp:4  | Received a gift from Okawaru
 29269 | Swamp:4  | Noticed the 27-headed Lernaean hydra
 29285 | Swamp:4  | HP: 7/176 [poisoned by a swamp dragon (poison gas)]
 29753 | Depths:1 | Reached skill level 22 in Fighting
 29779 | Depths:2 | Noticed a lich
 29789 | Depths:2 | Killed a lich
 29826 | Abyss:4  | Cast into level 4 of the Abyss (an occultist)
 29849 | Abyss:5  | Found a corrupted altar of Lugonu.
 29864 | Abyss:5  | Received a gift from Okawaru
 29913 | Abyss:5  | Found a corrupted altar of Lugonu.
 29931 | Abyss:5  | Noticed a bone dragon
 29949 | Abyss:5  | Killed a bone dragon
 30006 | Abyss:5  | Reached XP level 18. HP: 185/185 MP: 25/25
 30010 | Abyss:5  | Noticed a Hell Sentinel
 30018 | Abyss:5  | Killed from afar by a Hell Sentinel

Illustrated notes

Levels and vault maps discovered:
D:1:      zaba_arrival_water, layout_rooms, shapermc_ecumenical_altar_ellora,
          minmay_small_reverse_x
D:2:      layout_rooms
D:3:      layout_loops_ring, nicolae_overflow_crystal_walls
D:4:      layout_cave_pools, cheibriados_altar_1, lemuel_doored_altar,
          minmay_temple_entry_junction_2
D:5:      layout_rooms, ebering_ghost_reflecting_pool, uniq_grinder
D:6:      layout_loops_ring, mainiacjoe_overflow_six_doors_small, bloody_makhleb
D:7:      layout_loops_ring, lemuel_coloured_pillars_altar,
          minmay_parallelograms, kennysheep_small_circle, uniq_menkaure,
          uniq_pikel
D:8:      layout_loops_ring, mainiacjoe_overflow_surrounded_room,
          nicolae_qazlal_general_emergency,
          mainiacjoe_overflow_concentric_impassable, kennysheep_diamond,
          minmay_misc_feat_rows, nicolae_transporter_circle, uniq_grum
D:9:      layout_roguey, nicolae_hepliaklqana_hippocampus, uniq_maggie
D:10:     layout_irregular_city, dpeg_oklobed_lair, orc_0_dummy, minivault_16
D:11:     layout_loops_ring, uniq_erolcha
D:12:     layout_basic, hellmonk_ghost_happy_afterlife, st_stairs_7
D:13:     minmay_the_grid_triangle_9x9_recursive_3_mashed
          [minmay_the_grid_triangle_9x9_descending_squares,
          minmay_the_grid_triangle_9x9_flanged_cone,
          minmay_the_grid_triangle_9x9_zippers_horizontal,
          minmay_the_grid_triangle_9x9_prize_top_heavy,
          minmay_the_grid_triangle_9x9_limited_checkers,
          minmay_the_grid_triangle_9x9_windchime,
          minmay_the_grid_triangle_9x9_thin_v,
          minmay_the_grid_triangle_9x9_longest,
          minmay_the_grid_triangle_9x9_shrine], layout_small_grid,
          nicolae_shop_self_help, uniq_lodul
D:14:     layout_small_grid, erik_vaults_2, nzn_wu_jian_council_hall
D:15:     hangedman_depths_entry_try_elsewhere_first, layout_basic,
          minmay_misc_feat_encased, st_stairs_11, lemuel_flamethrower_3
Temple:   nicolae_temple_x_marks_the_god
Lair:1:   layout_regular_city, gauntlet_entry_generic, grunt_megastairs_3
Lair:2:   layout_chaotic_city, mainiacjoe_swamp_entry_lozenge_pond
Lair:3:   layout_regular_city, nicolae_snake_entry_warm_welcome,
          patterned_corridor
Lair:4:   layout_gridlike, slime_entry_1
Lair:5:   hellmonk_lair_end_abyssal_woods, layout_cave_pods,
          portal_ice_cave_entry_pillars_1, lemuel_fruit_fields,
          infiniplex_staircase_pool
Swamp:1:  layout_basic_swamp, evilmike_swamp_ruin_rubble_1
Swamp:2:  layout_basic_swamp, hangedman_swamp_ruin_hall
Swamp:3:  layout_falls_marsh, serial_swamp_ruin, hangedman_swamp_ruin_wall,
          evilmike_swamp_ruin_house_2
Swamp:4:  swamp_old_school, layout_basic_swamp
Snake:1:  layout_chambers, minmay_shop_star
Orc:1:    layout_caves, serial_shops, nicolae_shop_industrial_runoff,
          uniq_fannar
Orc:2:    st_orc_open, layout_caves, basic_altar, nicolae_orc_rockfall,
          uniq_rupert
Depths:1: layout_gridlike, hangedman_coc_ice_floe, skrybe_limestone_x,
          led_sif_pool, firewood_loft
Depths:2: evilmike_inaccessible_box, layout_gridville, enter_ziggurat_a,
          serial_shops, nicolae_lakefront_shop, hell_entry,
          rand_demon_pan_entry_7, minmay_misc_feat_more_columns,
          nicolae_dithmenos_through_a_glass_darkly,
          minmay_staircase_windowed_small
Abyss:5:  base: D:5, base: D:1, base: Crypt:2, hangedman_elemental_corridor,
          grunt_abyss_rune_wretched_hive, minivault_1, minivault_25

Skill      XL: |  1  2  3  4  5  6  7  8  9 10 11 12 13 14 15 16 17 |
---------------+----------------------------------------------------+-----
Shields        | 4 5 6 7 8 9 10 11 12 13 15 16 | 16.5
Fighting       | 4 5 6 8 9 10 12 13 15 16 18 20 22 | 22.4
Armour         | 4 5 6 7 9 10 11 12 13 14 15 | 15.8
Axes           | 3 4 5 6 7 9 10 11 13 14 16 17 18 19 | 19.8
Invocations    | 1 3 4 5 6 7 8 9 10 11 | 11.6
Throwing       | 1 3 4 5 7 8 9 10 11 | 11.7

Action                     |  1- 3 |  4- 6 |  7- 9 | 10-12 | 13-15 | 16-18 || total
---------------------------+-------+-------+-------+-------+-------+-------++-------
  Melee: War axe           |    50 |   120 |   218 |   586 |       |       ||   974
         Headbutt          |     7 |    13 |    46 |   155 |   249 |   199 ||   669
         Broad axe         |       |       |       |   128 |   956 |   785 ||  1869
         Demon whip        |       |       |       |       |       |     4 ||     4
  Throw: Dart              |       |       |     3 |     4 |     1 |       ||     8
         Javelin           |       |       |       |       |     2 |     5 ||     7
 Invoke: Heroism           |       |       |     2 |     2 |     3 |     4 ||    11
         Receive Weapon    |       |       |       |     1 |       |       ||     1
         Receive Armour    |       |       |       |     1 |       |       ||     1
         Finesse           |       |       |       |       |     3 |     1 ||     4
         Duel              |       |       |       |       |     1 |     2 ||     3
    Use: Scroll            |       |       |       |    12 |     5 |    11 ||    28
         Potion            |       |       |       |       |     2 |     4 ||     6
   Stab: Invisible         |       |       |       |       |     4 |       ||     4
         Paralysed         |       |       |       |       |     1 |       ||     1
         Distracted        |       |       |       |       |       |     2 ||     2
 Armour: Scale mail        |    25 |   111 |     8 |       |       |       ||   144
         Plate armour      |       |       |   172 |   655 |   898 |   921 ||  2646
  Dodge: Dodged            |    26 |    49 |    39 |   168 |   212 |   206 ||   700
  Block: Buckler           |     8 |    26 |    59 |     7 |       |       ||   100
         Kite shield       |       |       |       |   416 |   622 |   516 ||  1554

Table legend: (Time is in decaauts)
 A = Elapsed time spent in this place.
 B = Non-inter-level travel time spent in this place.
 C = Inter-level travel time spent in this place.
 D = Time resting spent in this place.
 E = Time spent auto-exploring this place.
 F = Levels seen in this place.
 G = Mean time per level.
                   A        B        C        D        E       F      G
               +--------+--------+--------+--------+--------+-----+--------+
         Total |  30148 |  23907 |   6241 |   4765 |  10695 |  38 |  793.4 |
       Dungeon |  15324 |  13196 |   2128 |   2909 |   7193 |  15 | 1021.6 |
        Temple |     80 |     68 |     12 |     66 |      0 |   1 |   80.0 |
          Lair |   7646 |   5405 |   2241 |   1080 |   2170 |   5 | 1529.2 |
         Swamp |   2878 |   1849 |   1029 |    324 |    686 |   4 |  719.5 |
     Snake Pit |    356 |    338 |     18 |    115 |      0 |   1 |  356.0 |
  Orcish Mines |   2055 |   1635 |    420 |    195 |    393 |   2 | 1027.5 |
        Depths |    884 |    494 |    390 |     27 |    252 |   2 |  442.0 |
         Abyss |    392 |    392 |      0 |      0 |      0 |   4 |   98.0 |
      Ice Cave |    467 |    467 |      0 |      0 |      0 |   1 |  467.0 |
         Arena |     61 |     61 |      0 |     48 |      0 |   3 |   20.3 |
               +--------+--------+--------+--------+--------+-----+--------+

Top non-repeatable levels by time:
  Lair:1: 1858 daAuts
  Lair:2: 1809 daAuts
    D:10: 1744 daAuts
     D:7: 1553 daAuts
  Lair:3: 1530 daAuts
     D:9: 1433 daAuts
  Lair:5: 1421 daAuts
     D:8: 1328 daAuts
   Orc:2: 1286 daAuts
    D:13: 1148 daAuts
    D:12: 1089 daAuts
  Lair:4: 1025 daAuts
 Swamp:3: 962 daAuts
    D:14: 926 daAuts
     D:5: 912 daAuts
